 Dungeon Crawl Stone Soup version 0.29-a0-317-gd16b76e6b1 (webtiles) character file.

Game seed: 15769578831394669300

47 Morbidden the Shield-Bearer (level 3, 8/34 HPs)
             Began as a Deep Dwarf Fighter on Apr 1, 2022.
             Quit the game on level 2 of the Dungeon.
             The game lasted 00:01:40 (691 turns).

Morbidden the Shield-Bearer (Deep Dwarf Fighter)     Turns: 691, Time: 00:01:40

Health: 8/34       AC:  3    Str: 21    XL:     3   Next: 48%
Magic:  4/4        EV:  9    Int:  8    God:
Gold:   58         SH:  4    Dex: 12    Spells: 3/3 levels left

rFire   . . .      SeeInvis .   a - +0 war axe
rCold   . . .      Faith    .   c - +0 buckler
rNeg    . . .      Spirit   .   b - +0 scale mail
rPois   .          Reflect  .   (no helmet)
rElec   .          Harm     .   (no cloak)
rCorr   .          Rampage  .   (no gloves)
Will    .....      Clarity  +   (no boots)
Stlth   ..........              (no amulet)
HPRegen 0.00/turn               f - ring of wizardry
MPRegen 0.09/turn               (no ring)

@: no status effects
A: damage resistance, heal wounds, sense surroundings 1, no regeneration,
clarity, deformed body, deterioration 1
a: Heal Wounds


You were on level 2 of the Dungeon.
You visited 1 branch of the dungeon, and saw 2 of its levels.

You collected 58 gold pieces.

Inventory:

Hand Weapons
 a - a +0 war axe (weapon)
Armour
 b - a +0 scale mail (worn)
 c - a +0 buckler (worn)
Jewellery
 f - a ring of wizardry (left hand)
Scrolls
 h - a scroll of magic mapping {unknown}
 j - 2 scrolls of identify
 k - a scroll of brand weapon {unknown}
 l - a scroll of teleportation {unknown}
Potions
 d - a potion of might
 e - a potion of resistance
 i - 2 potions of attraction


   Skills:
 * Level 3.0 Fighting
 * Level 2.9 Axes
 + Level 3.5 Armour
 * Level 1.0 Dodging
 + Level 3.5 Shields
 * Level 0.6 Spellcasting


You had 3 spell levels left.
You didn't know any spells.
Your spell library contained the following spells:

 Spells                   Type           Power      Damage    Failure   Level
 Animate Skeleton         Necr           0%         N/A       47%         1
 Apportation              Tloc           0%         N/A       47%         1
 Summon Small Mammal      Summ           0%         N/A       47%         1


Dungeon Overview and Level Annotations

Branches:
Dungeon (2/15)

Altars:


Innate Abilities, Weirdness & Mutations

You are resistant to damage.
You can heal yourself by infusing magical energy.
You passively map a small area around you.
You do not regenerate.
You possess an exceptional clarity of mind.
Armour fits poorly on your strangely shaped body.
Your body sometimes deteriorates upon taking damage.


Message History

You miss the goblin.
The goblin hits you but does no damage. x2
You miss the goblin. The goblin hits you with a +0 club.
You hit the goblin.
You kill the goblin!
Found a stone staircase leading up.
You see here a +0 club.
Unknown command.
A quokka comes into view.
A quokka is nearby!
You are too injured to fight recklessly!
There's nothing to open nearby.
You are too injured to fight recklessly!
There's nothing to open nearby.
You are too injured to fight recklessly!
You hit the quokka.
The quokka is almost dead.
You block the quokka's attack.
The quokka bites you but does no damage.
You closely miss the quokka.
The quokka is almost dead.
The quokka bites you.
* * * LOW HITPOINT WARNING * * *
The quokka bites you but does no damage.
You slash the quokka!
You kill the quokka!
Your Dodging skill increases to level 1!
You swing at nothing.
You swing at nothing.
You swing at nothing.
Unknown command.
You remove your ring of wizardry.
Unknown command.
You don't know any spells.
Unknown command.
f - a ring of wizardry (left hand) Unknown command.
It was a potion of mutation.
You feel extremely strange.
You feel yourself wasting away.
Your body twists and deforms.
Your thoughts seem clearer.
Are you sure you want to abandon this character and quit the game? (Confirm with "yes".)

* * ### > ,, ..# ..
**
##.#################
, ,, ,....
.............. * *
#.####.####.######
*#@.# #.##.........
#..†#.#
#.##.#.###### *
#...#.###.##.#.# , ,
, #...#..##.##.#.#
#...##.##.##.#.# *#
, #...##..#.##.#.# ,
. #.........##.#.#
*#. *
#.#####..###.#.#
.##. ............#
....


There were no monsters in sight!

Vanquished Creatures
  An adder (D:2)
  2 ball pythons
  2 bats (D:1)
  4 endoplasms (D:1)
  2 goblins
  3 hobgoblins
  4 jackals (D:1)
  5 kobolds
  4 quokkas
  4 frilled lizards (D:1)
  2 rats (D:1)
33 creatures vanquished.

Notes
Turn   | Place    | Note
-------+----------+-------------------------------------------
     0 | D:1      | Morbidden the Deep Dwarf Fighter began the quest for the
                  | Orb.
     0 | D:1      | Reached XP level 1. HP: 20/20 MP: 1/1
    56 | D:1      | Reached XP level 2. HP: 18/27 MP: 2/2
   291 | D:1      | Reached XP level 3. HP: 17/34 MP: 3/3
   685 | D:2      | Reached skill level 1 in Dodging
   690 | D:2      | Gained mutation: Your body sometimes deteriorates upon
                  | taking damage. [potion of mutation]
   690 | D:2      | Gained mutation: Armour fits poorly on your strangely
                  | shaped body. [potion of mutation]
   690 | D:2      | Gained mutation: You possess an exceptional clarity of
                  | mind. [potion of mutation]
   691 | D:2      | Quit the game

Illustrated notes

Levels and vault maps discovered:
D:1:      dpeg_arrival_tiny_h, layout_rooms
D:2:      layout_basic, serial_shops, nicolae_shop_behind_doors, basic_altar,
          hellmonk_ecumenical_altar_heavens_door, uniq_jessica,
          uniq_crazy_yiuf_cottage

Skill      XL: |  1  2  3 |
---------------+----------+-----
Fighting       | 3 |  3.0
Dodging        | 1 |  1.0
Axes           | |  2.9
Armour         | |  3.5
Shields        | |  3.5
Spellcasting   | |  0.6

Action                   || total
-------------------------++-------
Melee: War axe           ||    95
  Use: Scroll            ||     2
       Potion            ||     1
Armor: Scale mail        ||    48
Dodge: Dodged            ||    56
Block: Buckler           ||    22

Table legend: (Time is in decaauts)
 A = Elapsed time spent in this place.
 B = Non-inter-level travel time spent in this place.
 C = Inter-level travel time spent in this place.
 D = Time resting spent in this place.
 E = Time spent auto-exploring this place.
 F = Levels seen in this place.
 G = Mean time per level.
                   A        B        C        D        E       F      G
               +--------+--------+--------+--------+--------+-----+--------+
         Total |    730 |    717 |     13 |      0 |    447 |   2 |  365.0 |
       Dungeon |    730 |    717 |     13 |      0 |    447 |   2 |  365.0 |
               +--------+--------+--------+--------+--------+-----+--------+

Top non-repeatable levels by time:
     D:1: 595 daAuts
     D:2: 135 daAuts
